 Dungeon Crawl Stone Soup version 0.18.1-48-g4cf74bf (webtiles) character file.

1486 atro the Ducker (level 8, -9/62 HPs)
             Began as a Demonspawn Berserker on Aug 18, 2016.
             Was an Elder of Trog.
             Mangled by ReniFell's ghost (18 damage)
             ... on level 7 of the Dungeon.
             The game lasted 01:14:14 (8874 turns).

atro the Ducker (Demonspawn Berserker)              Turns: 8874, Time: 01:14:15

Health: -9/62      AC: 13    Str: 20    XL:     8   Next: 50%
Magic:  8/8        EV: 14    Int:  9    God:    Trog [****..]
Gold:   315        SH:  3    Dex: 12    Spells: 0 memorised, 7 levels left

rFire  . . .     SeeInvis .     a - +1 hand axe
rCold  . . .     Gourm    .     G - +2 leather armour {rPois}
rNeg   . . .     Faith    .     (no shield)
rPois  +         Spirit   .     (no helmet)
rElec  .         Dismiss  .     o - +1 cloak
rCorr  +         Reflect  .     z - +0 pair of gloves
SustAt .         Harm     .     i - +0 pair of boots
MR     .....                    (no amulet)
Stlth  ++........               g - ring of flight
                                D - ring of resist corrosion

@: exhausted, slowed, very slow, not resistant to hostile enchantments,
unstealthy
A: talons 2, large bone plates 2, demonic guardian 1
a: Berserk, Trog's Hand, Brothers in Arms, Burn Spellbooks, Renounce Religion,
Evoke Flight


You were on level 7 of the Dungeon.
You worshipped Trog.
Trog was greatly pleased with you.
You were very hungry.

You visited 1 branch of the dungeon, and saw 7 of its levels.

You collected 315 gold pieces.

Inventory:

Hand Weapons
 a - a +1 hand axe (weapon)
 j - a cursed -2 dagger
Missiles
 r - a throwing net (quivered)
 t - 5 tomahawks
 K - 8 javelins
Armour
 i - a +0 pair of boots (worn)
 o - a +1 cloak (worn)
 z - a +0 pair of gloves (worn)
 G - a +2 leather armour of poison resistance (worn)
Jewellery
 g - a ring of flight (right hand)
 y - an uncursed ring of poison resistance
 D - a ring of resist corrosion (left hand)
Wands
 v - a wand of iceblast (8/15)
 H - a wand of acid (5/15)
Scrolls
 f - a scroll of teleportation
 n - 3 scrolls of identify
 u - 2 scrolls of fog
 x - a scroll of immolation {unknown}
 F - a scroll of amnesia
 J - a scroll of magic mapping
Potions
 b - 2 potions of ambrosia
 e - 2 potions of brilliance
 k - a potion of magic
 m - a potion of lignification
 p - a potion of degeneration {unknown}
 w - a potion of flight {unknown}
 A - 2 potions of curing
 B - 2 potions of heal wounds {unknown}
 C - a potion of cure mutation {unknown}
 E - a potion of cancellation {unknown}
Comestibles
 c - 5 bread rations
 d - 4 slices of pizza
 h - 3 meat rations
 l - a chunk of flesh
 q - a beef jerky


   Skills:
 + Level 5.0 Fighting
 + Level 5.3 Axes
 + Level 0.1 Throwing
 + Level 4.6 Armour
 + Level 6.1 Dodging
 + Level 2.0 Stealth


You had 7 spell levels left.
You didn't know any spells.

Dungeon Overview and Level Annotations

Branches:
Dungeon (7/15)             Temple (0/1) D:5

Altars:
Ashenzari
Nemelex Xobeh
Pakellas
Vehumet

Annotations:
D:5 Menkaure
D:7 ReniFell's ghost, novice GrMo


Innate Abilities, Weirdness & Mutations

You have razor-sharp toenails.
You are mostly covered in large bone plates (AC +3, SH +3).
A weak demonic guardian rushes to your aid.


Message History

Your white imp misses ReniFell's ghost.
You feel your anger subside.
You are no longer berserk.
You are exhausted.
You feel yourself slow down.
You are feeling very hungry.
Your white imp hits ReniFell's ghost but does no damage.
Your white imp gestures at ReniFell's ghost.
The puff of frost hits ReniFell's ghost.
ReniFell's ghost resists.
Your white imp disappears in a puff of smoke!
Your white imp gestures at ReniFell's ghost.
The puff of frost hits ReniFell's ghost.
ReniFell's ghost resists.
Your white imp gestures at ReniFell's ghost.
The puff of frost hits ReniFell's ghost.
ReniFell's ghost appears unharmed.
Drink which item? (? for menu, Esc to quit)
You feel better. ReniFell's ghost hits you!!
You die...

#......# ##.......###
##....## ##..###......
#....## #..## ##.....
#.....## ##..# #......# ###
#.....###..##......### ..##
###......#.........###
..$#### #................##
......####................#
....[.......5..W@.....###.#
........##..........### ##
......####..........#
......# #..........#
......# #.....(..#.#
.....## ##########.# .....#
## ....##


You could see ReniFell's ghost and a friendly white imp.

Vanquished Creatures
  Eustachio (D:6)
  A hippogriff (D:7)
  An orc warrior (D:5)
  A black bear (D:7)
  A phantom (D:5)
  An ogre (D:4)
  A centaur (D:3)
  2 giant frogs
  3 crimson imps
  A jelly (D:7)
  An orc priest (D:3)
  4 hounds
  An orc wizard (D:4)
  Natasha (D:2)
  A centaur skeleton (D:5)
  An iguana (D:4)
  3 worker ants
  2 hound skeletons
  12 adders
  4 gnolls
  An ooze (D:5)
  3 worms
  4 dart slugs
  3 giant geckos
  21 orcs
  9 bats
  6 giant cockroaches
  4 goblins
  10 hobgoblins
  8 jackals
  4 quokkas
  A ball python (D:3)
  6 giant newts
  3 kobolds
  A quokka skeleton (D:4)
  12 rats
139 creatures vanquished.

Vanquished Creatures (collateral kills)
  An orc priest (D:5)
  A worker ant (D:7)
  An orc (D:5)
3 creatures vanquished.

Vanquished Creatures (others)
  An orc wizard (D:5)
  An adder (D:5)
  A plant (D:1)
3 creatures vanquished.

Grand Total: 145 creatures vanquished

Notes
Turn   | Place    | Note
--------------------------------------------------------------
     0 | D:1      | atro the Demonspawn Berserker began the quest for the Orb.
     0 | D:1      | Reached XP level 1. HP: 18/18 MP: 1/1
   332 | D:1      | Gained mutation: You are partially covered in large bone plates (AC +2, SH +2). [demonic ancestry]
   332 | D:1      | Reached XP level 2. HP: 8/24 MP: 2/2
   879 | D:1      | Reached skill level 2 in Dodging
  1350 | D:2      | Gained mutation: You are mostly covered in large bone plates (AC +3, SH +3). [demonic ancestry]
  1350 | D:2      | Reached XP level 3. HP: 11/29 MP: 3/3
  2297 | D:2      | Reached ** piety under Trog
  2929 | D:1      | Reached XP level 4. HP: 35/35 MP: 4/4
  3635 | D:3      | Reached skill level 1 in Stealth
  3661 | D:3      | Found a shattered altar of Ashenzari.
  3668 | D:3      | Found an oddly glowing altar of Pakellas.
  3892 | D:3      | Noticed a centaur
  3903 | D:3      | Killed a centaur
  3903 | D:3      | Reached skill level 3 in Dodging
  3903 | D:3      | Gained mutation: You have sharp toenails. [demonic ancestry]
  3903 | D:3      | Reached XP level 5. HP: 42/42 MP: 5/5
  4415 | D:3      | Reached *** piety under Trog
  4503 | D:2      | Noticed Natasha
  4521 | D:2      | Killed Natasha
  4521 | D:2      | Gained mutation: A weak demonic guardian rushes to your aid. [demonic ancestry]
  4521 | D:2      | Reached XP level 6. HP: 48/48 MP: 6/6
  5557 | D:5      | Entered Level 5 of the Dungeon
  5597 | D:5      | Found a sparkling altar of Nemelex Xobeh.
  5612 | D:5      | Gained mutation: You have razor-sharp toenails. [demonic ancestry]
  5612 | D:5      | Reached XP level 7. HP: 55/55 MP: 7/7
  5675 | D:5      | Reached skill level 4 in Dodging
  5707 | D:5      | Found a staircase to the Ecumenical Temple.
  6229 | D:5      | Found a radiant altar of Vehumet.
  6890 | D:6      | Noticed Menkaure
  7200 | D:5      | Reached **** piety under Trog
  7200 | D:5      | Reached skill level 5 in Dodging
  7713 | D:6      | Noticed Eustachio
  7752 | D:6      | Killed Eustachio
  7752 | D:6      | Reached XP level 8. HP: 49/61 MP: 8/8
  8153 | D:6      | Reached skill level 5 in Axes
  8441 | D:7      | Reached skill level 6 in Dodging
  8801 | D:7      | Reached skill level 5 in Fighting
  8842 | D:7      | Noticed ReniFell's ghost (novice GrMo)
  8867 | D:7      | HP: 4/93 [ReniFell's ghost (22)]
  8874 | D:7      | Mangled by ReniFell's ghost

Skill      XL: |  1  2  3  4  5  6  7  8 |
---------------+-------------------------+-----
Axes           | 3 4 5 |  5.3
Dodging        | 2 3 5 6 |  6.1
Armour         | 2 3 4 |  4.6
Stealth        | 1 2 |  2.0
Fighting       | 4 5 |  5.0
Throwing       | |  0.1

Action                   |  1- 3 |  4- 6 |  7- 9 || total
-------------------------+-------+-------+-------++-------
Melee: Hand axe          |   164 |   298 |   328 ||   790
       Kick              |       |    49 |    42 ||    91
Throw: Stone             |     1 |     1 |       ||     2
       Throwing net      |     1 |       |     3 ||     4
Invok: Berserk           |       |     8 |     9 ||    17
       Burn Spellbooks   |       |       |     1 ||     1
  Use: Scroll            |       |     8 |     7 ||    15
       Potion            |       |       |     1 ||     1
 Stab: Distracted        |       |       |     1 ||     1
       Sleeping          |       |       |     1 ||     1
  Eat: Chunk             |     6 |    16 |    12 ||    34
       Bread ration      |       |     1 |     1 ||     2
Armor: Animal skin       |    28 |       |       ||    28
       Ring mail         |    24 |   139 |    79 ||   242
       Leather armour    |     4 |       |    44 ||    48
Dodge: Dodged            |   104 |   192 |   200 ||   496
Block: Other             |    27 |    38 |    33 ||    98
